 Dungeon Crawl Stone Soup version 0.19.5 (webtiles) character file.

295 poop the Chopper (level 6, -5/57 HPs)
             Began as a Minotaur Berserker on May 1, 2017.
             Was a Priest of Trog.
             Slain by an orc warrior
             ... wielding a +0 mace
              (11 damage)
             ... on level 4 of the Dungeon.
             The game lasted 00:07:26 (2339 turns).

poop the Chopper (Minotaur Berserker)               Turns: 2339, Time: 00:07:27

Health: -5/57      AC:  2    Str: 23    XL:     6   Next: 11%
Magic:  5/5        EV: 12    Int:  4    God:    Trog [***...]
Gold:   82         SH:  0    Dex: 10    Spells: 0 memorised, 5 levels left

rFire  . . .     SeeInvis +     a - +1 hand axe
rCold  . . .     Gourm    .     f - -2 leather armour (curse)
rNeg   . . .     Faith    .     (no shield)
rPois  .         Spirit   .     (helmet restricted)
rElec  .         Reflect  .     (no cloak)
rCorr  .         Harm     .     (no gloves)
MR     .....                    i - +0 pair of boots
Stlth  ..........               k - amulet of regeneration
                                l - ring of loudness (curse)
                                h - ring of see invisible

@: no status effects
A: retaliatory headbutt, horns 2
a: Berserk, Trog's Hand, Burn Spellbooks, Renounce Religion


You were on level 4 of the Dungeon.
You worshipped Trog.
Trog was most pleased with you.
You were not hungry.

You visited 1 branch of the dungeon, and saw 4 of its levels.

You collected 82 gold pieces.

Inventory:

Hand Weapons
 a - a +1 hand axe (weapon)
Armour
 b - a +1 animal skin
 f - a cursed -2 leather armour (worn)
 i - a +0 pair of boots (worn)
 n - a +0 ring mail
Jewellery
 h - a ring of see invisible (left hand)
 k - an amulet of regeneration (around neck)
 l - a cursed ring of loudness (right hand)
Scrolls
 e - 2 scrolls of fog
 g - 2 scrolls of teleportation
Potions
 j - a potion of flight
Comestibles
 d - a fruit


   Skills:
 + Level 5.8 Fighting
 + Level 5.9 Axes
 + Level 2.9 Armour
 + Level 3.2 Dodging
 + Level 0.8 Stealth


You had 5 spell levels left.
You didn't know any spells.

Dungeon Overview and Level Annotations

Branches:
Dungeon (4/15)
 Temple: D:4-7

Altars:
Ashenzari
Gozag
Makhleb
Uskayaw
Vehumet
Xom

Shops:
D:4 *


Innate Abilities, Weirdness & Mutations

You reflexively headbutt those who attack you in melee.
You have a pair of horns on your head.


Message History

Increase (S)trength, (I)ntelligence, or (D)exterity?
You feel stronger.
You closely miss the orc. You headbutt the orc!
You kill the orc!
Trog accepts your kill.
You completely miss the orc warrior.
The orc warrior is lightly wounded.
The orc warrior completely misses you.
You slash the orc warrior! You headbutt the orc warrior.
The orc warrior is severely wounded.
A frilled lizard comes into view.
You closely miss the orc warrior.
The orc warrior is severely wounded.
The frilled lizard hisses angrily.
The orc warrior hits you with a mace!
* * * LOW HITPOINT WARNING * * *
You slash the orc warrior! Your headbutt misses the orc warrior.
The orc warrior is almost dead.
The orc warrior hits you with a mace!
You die...

#....
#.PP #.P∩
#.o #o.
#.# #[#
#)#####
#lo@..#
#####.#
###..<#.#
#...###.#
#.#####.#
#.......#
#########


You could see an orc warrior and a frilled lizard.

Vanquished Creatures
  A howler monkey (D:4)
  A crimson imp (D:3)
  3 orc wizards
  5 adders (D:3)
  3 worms
  3 dart slugs
  2 leopard geckos
  8 orcs
  11 bats
  5 giant cockroaches
  9 goblins
  6 hobgoblins
  A quokka (D:3)
  2 ball pythons
  3 frilled lizards
  9 kobolds
  2 rats
  A plant (D:1)
75 creatures vanquished.

Vanquished Creatures (others)
  A bat (D:2)
  A frilled lizard (D:2)
2 creatures vanquished.

Grand Total: 77 creatures vanquished

Notes
Turn   | Place    | Note
-------+----------+-------------------------------------------
     0 | D:1      | poop the Minotaur Berserker began the quest for the Orb.
     0 | D:1      | Reached XP level 1. HP: 19/19 MP: 0/0
   216 | D:1      | Reached XP level 2. HP: 26/27 MP: 1/1
   536 | D:2      | Reached XP level 3. HP: 32/33 MP: 2/2
   612 | D:2      | Reached ** piety under Trog
   618 | D:2      | Found a hide-covered altar of Uskayaw.
   974 | D:2      | Found a radiant altar of Vehumet.
  1023 | D:2      | Found a shattered altar of Ashenzari.
  1023 | D:2      | Found an opulent altar of Gozag.
  1260 | D:3      | Reached XP level 4. HP: 35/41 MP: 3/3
  1267 | D:3      | Reached skill level 5 in Fighting
  1433 | D:3      | Reached skill level 5 in Axes
  1524 | D:3      | Reached XP level 5. HP: 42/48 MP: 4/4
  1551 | D:3      | Reached *** piety under Trog
  1889 | D:3      | Found a burning altar of Makhleb.
  1890 | D:3      | Found a shimmering altar of Xom.
  2322 | D:4      | Noticed an orc warrior
  2326 | D:4      | Found Bopy Faapn's Assorted Antiques.
  2334 | D:4      | Reached XP level 6. HP: 15/57 MP: 5/5
  2339 | D:4      | Slain by an orc warrior

Skill      XL: |  1  2  3  4  5 |
---------------+----------------+-----
Axes           | 4 5 |  5.9
Fighting       | 4 5 |  5.8
Dodging        | 3 |  3.2
Armour         | |  2.9
Stealth        | |  0.8

Action                   |  1- 3 |  4- 6 || total
-------------------------+-------+-------++-------
Melee: Hand axe          |   106 |    68 ||   174
       Headbutt          |    21 |    11 ||    32
  Use: Scroll            |     8 |     4 ||    12
       Potion            |     2 |     2 ||     4
  Eat: Bread ration      |     1 |       ||     1
Armor: Animal skin       |     1 |       ||     1
       Leather armour    |    13 |    11 ||    24
Dodge: Dodged            |    73 |    48 ||   121
